 Dungeon Crawl Stone Soup version 0.29.1-2-gbd0b4ee654 (webtiles) character file.

Game seed: 17746723216369832943

10982 tkbsonic5 the Fighter (level 12, -9/94 HPs)
             Began as a Human Cinder Acolyte on Nov 28, 2022.
             Was an Initiate of Yredelemnul.
             Mangled by a fire elemental (13 damage)
             ... created by the fiery vengeance of Ignis
             ... on level 1 of the Lair of Beasts.
             The game lasted 01:01:46 (9745 turns).

tkbsonic5 the Fighter (Human Cinder Acolyte)        Turns: 9745, Time: 01:01:46

Health: -9/94      AC: 21    Str: 19    XL:     12   Next: 2%
Magic:  17/19      EV: 13    Int: 20    God:    Yredelemnul [......]
Gold:   456        SH:  6    Dex: 18    Spells: 19/21 levels left

rFire   . . .      SeeInvis .   p - +2 mace (protect)
rCold   . . .      Faith    .   y - +0 buckler
rNeg    + . .      Spirit   .   e - +2 ring mail {rF+}
rPois   .          Reflect  .   (no helmet)
rElec   .          Harm     .   b - +1 cloak
rCorr   .          Rampage  .   (no gloves)
Will    .....                   E - +0 pair of boots
Stlth   ++++......              h - amulet "Koethif" {rN+ Regen+ Stlth+}
HPRegen 1.05/turn               D - +6 ring of dexterity
MPRegen 0.16/turn               q - +6 ring of intelligence

@: under a protective aura, fire susceptible
A: iridescent scales 1, thin skeletal structure 1, MP-powered wands
a: Renounce Religion, Recall Undead Harvest


You were on level 1 of the Lair of Beasts.
You worshipped Yredelemnul.
Yredelemnul was noncommittal.
You visited 3 branches of the dungeon, and saw 12 of its levels.

You collected 456 gold pieces.

Inventory:

Hand Weapons
 a - a +2 whip of flaming
 c - a +0 dagger of holy wrath
 f - a +0 spear of venom
 p - a +2 mace of protection (weapon)
 w - a +5 spear of flaming
Missiles
 d - 22 poisoned darts
Armour
 b - a +1 cloak (worn)
 e - a +2 ring mail of fire resistance (worn)
 y - a +0 buckler (worn)
 E - a +0 pair of boots (worn)
Jewellery
 h - the amulet "Koethif" (around neck) {rN+ Regen+ Stlth+}
   (You acquired it on level 2 of the Dungeon)

   [amulet of regeneration]

   rN:        It protects you from negative energy.
   Regen:     It increases your rate of health regeneration.
   Stlth:     It makes you more stealthy.
 i - an amulet of guardian spirit
 q - a +6 ring of intelligence (right hand)
 r - a ring of protection from fire
 t - a ring of protection from fire
 D - a +6 ring of dexterity (left hand)
Wands
 g - a wand of digging (4)
 j - a wand of flame (32)
 k - a wand of mindburst (7)
 l - a wand of roots (1)
Scrolls
 o - 3 scrolls of identify
 u - a scroll of enchant weapon
 x - a scroll of silence
 C - 5 scrolls of fog
Potions
 s - a potion of flight
 I - a potion of brilliance


   Skills:
 * Level 8.8 Fighting
 - Level 4.4 Long Blades
 - Level 5.0 Maces & Flails
 * Level 4.9 Polearms
 + Level 6.4 Armour
 + Level 5.6 Dodging
 - Level 2.2 Stealth
 + Level 4.5 Shields
 + Level 5.1 Spellcasting
 * Level 6.7 Fire Magic
 * Level 5.3 Evocations


You had 19 spell levels left.
You knew the following spells:

 Your Spells              Type           Power      Damage    Failure   Level
a - Scorch                Fire           64%        2d8       2%          2

Your spell library contained the following spells:

 Spells                   Type           Power      Damage    Failure   Level
 Shock                    Conj/Air       20%        1d4       24%         1
 Ensorcelled Hibernation  Hex/Ice        10%        N/A       36%         2
 Spider Form              Tmut/Pois      5%         N/A       58%         3
 Swiftness                Air            5%         N/A       58%         3
 Airstrike                Air            2%         2d(1-17)  94%         4
 Anguish                  Hex/Necr       2%         N/A       94%         4


Dungeon Overview and Level Annotations

Branches:
Dungeon (9/15)             Temple (1/1) D:6            Lair (2/5) D:9
  Swamp: Lair:2-3    Shoals: Lair:2-3     Snake: Lair:2-3    Spider: Lair:2-3
    Orc: D:9-12

Altars:
Ashenzari
Cheibriados
Dithmenos
Elyvilon
Fedhas
Gozag
Kikubaaqudgha
Qazlal
Ru
Sif Muna
Trog
Uskayaw
Vehumet
Wu Jian
Xom
Yredelemnul
Zin

Shops:
D:6 (

Annotations:
D:9 Amaemon


Innate Abilities, Weirdness & Mutations

You are partially covered in iridescent scales. (AC +2)
You have a somewhat thin skeletal structure. (Dex +2, Stealth+)
You expend magic power (3 MP) to strengthen your wands.


Message History

The fire elemental closely misses you. The fire elemental misses you.
You closely miss the fire elemental.
The fire elemental is severely damaged.
The fire elemental misses you.
Okay, then.
Aiming: Fastroot
Press: ? - help, Shift-Dir - straight line, f - fire elemental, p - fire elemental
Aim: a fire elemental (durably summoned)
You feel a surge of power!
The roots erupt in riotous growth!
The fire elemental is unaffected. x2; The fire elemental hits you.
The fire elemental burns you!
* * * LOW HITPOINT WARNING * * *
Okay, then.
You are too injured to fight recklessly!
The fire elemental barely misses you.
Okay, then.
Okay, then.
You hit the fire elemental.
Your weapon exudes an aura of protection.
The fire elemental is almost destroyed.
The fire elemental hits you. The fire elemental burns you!
* * * LOW HITPOINT WARNING * * *
You barely miss the fire elemental.
The fire elemental is almost destroyed.
The fire elemental hits you. The fire elemental burns you!
* * * LOW HITPOINT WARNING * * *
The fire elemental hits you. The fire elemental burns you!
* * * LOW HITPOINT WARNING * * *
You hit the fire elemental.
You destroy the fire elemental!
That felt strangely unrewarding.
You sock the fire elemental!
The fire elemental is moderately damaged.
The fire elemental barely misses you. The fire elemental hits you.
* * * LOW HITPOINT WARNING * * *
You closely miss the fire elemental.
The fire elemental is moderately damaged.
The fire elemental hits you. The fire elemental burns you!
You die...
Your body rises from the dead as a mindless zombie.

#### ..## ...# #..
#.# #@# #E# #.#
#.# #.#
#.#####.#### #.#
#..°E○○..... ###
#.# ##..####.##..
#####.## #.# #..##
#......# #.# #..#
##...
#.##.#.####.####.#
.#...


You could see a fire elemental.

Vanquished Creatures
  Erica (D:9)
  A two-headed ogre (D:9)
  Pikel (D:8)
  Maurice (D:9)
  A cane toad (Lair:1)
  Psyche (D:9)
  A queen bee (Lair:1)
  A hornet (D:9)
  Sigmund (D:3)
  A wyvern (D:7)
  17 yaks
  3 fire elementals (Lair:1)
  2 steam dragons
  6 water moccasins
  Pargi (D:3)
  A sky beast (D:6)
  2 black bears (D:5)
  5 wolves (Lair:1)
  An ogre (D:6)
  A centaur (D:8)
  A phantom (D:4)
  3 kobold brigands
  A gnoll sergeant (D:7)
  2 scorpions
  9 bullfrogs
  7 wights (D:7)
  16 killer bees
  A howler monkey (D:9)
  5 hounds
  A jelly (D:6)
  6 orc priests
  3 gnoll boudas
  An iguana (D:5)
  Natasha (thrice) (D:3)
  5 orc wizards
  26 gnolls
  An adder (D:4)
  2 worms (D:2)
  3 dart slugs
  28 orcs
  9 endoplasms
  2 giant cockroaches
  6 goblins
  10 hobgoblins
  23 kobolds
  2 quokkas
  4 ball pythons
  4 bats
  3 frilled lizards
  3 rats
  A butterfly (D:9)
240 creatures vanquished.

Vanquished Creatures (collateral kills)
  A fire elemental (Lair:1)
  A wolf (Lair:1)
  6 killer bees (Lair:1)
8 creatures vanquished.

Vanquished Creatures (others)
  2 wolf zombies (Lair:1)
  An orc wizard (D:4)
  8 killer bee zombies (Lair:1)
  37 foxfires
  60 fungi
  46 plants
154 creatures vanquished.

Grand Total: 402 creatures vanquished

Notes
Turn   | Place    | Note
-------+----------+-------------------------------------------
     0 | D:1      | tkbsonic5 the Human Cinder Acolyte began the quest for the
                  | Orb.
     0 | D:1      | Reached XP level 1. HP: 18/18 MP: 2/2
   151 | D:1      | Reached XP level 2. HP: 20/24 MP: 3/3
   670 | D:1      | Reached XP level 3. HP: 28/29 MP: 4/4
  1597 | D:2      | Identified the +3 ring mail of Dasusaibb {Harm Dex+3}
  1606 | D:2      | Identified a scroll of acquirement
  1606 | D:2      | Acquired the amulet "Koethif" {rN+ Regen+ Stlth+}
  1873 | D:2      | Reached XP level 4. HP: 35/35 MP: 5/5
  1877 | D:2      | Reached skill level 1 in Armour
  1877 | D:2      | Reached skill level 1 in Stealth
  1880 | D:2      | Reached skill level 1 in Dodging
  2091 | D:3      | Noticed Pargi
  2098 | D:3      | Killed Pargi
  2099 | D:3      | Reached XP level 5. HP: 42/42 MP: 7/7
  2154 | D:3      | Noticed Natasha
  2160 | D:3      | Killed Natasha
  2161 | D:3      | Reached skill level 4 in Fighting
  2161 | D:3      | Reached XP level 6. HP: 48/48 MP: 8/8
  2192 | D:3      | Noticed Sigmund
  2209 | D:3      | Killed Sigmund
  2210 | D:3      | Reached XP level 7. HP: 55/55 MP: 8/10
  2251 | D:3      | Found a faded altar of an unknown god.
  2271 | D:3      | Found an opulent altar of Gozag.
  2331 | D:3      | Noticed Natasha
  2344 | D:3      | Killed Natasha
  2456 | D:3      | Noticed Natasha
  2466 | D:3      | Killed Natasha
  2583 | D:4      | Found a hide-covered altar of Uskayaw.
  2749 | D:4      | Found a shimmering blue altar of Sif Muna.
  2932 | D:4      | Gained mutation: You have a somewhat thin skeletal
                  | structure. (Dex +2, Stealth+) [potion of mutation]
  2932 | D:4      | Gained mutation: You expend magic power (3 MP) to
                  | strengthen your wands. [potion of mutation]
  2932 | D:4      | Gained mutation: You are partially covered in iridescent
                  | scales. (AC +2) [potion of mutation]
  2933 | D:4      | HP: 2/55 [orc priest/divine providence (17)]
  2938 | D:4      | Reached skill level 1 in Maces & Flails
  3067 | D:4      | Learned a level 2 spell: Scorch
  3322 | D:4      | Reached skill level 1 in Evocations
  3490 | D:5      | Entered Level 5 of the Dungeon
  3500 | D:5      | Noticed a yak
  3501 | D:5      | Noticed a yak
  3503 | D:5      | Noticed a yak
  3524 | D:4      | Killed a yak
  3525 | D:4      | Reached skill level 5 in Fighting
  3525 | D:4      | Reached XP level 8. HP: 32/62 MP: 1/11
  3573 | D:5      | Found a white marble altar of Elyvilon.
  3686 | D:5      | Noticed a yak
  3687 | D:5      | Noticed a yak
  3698 | D:5      | Noticed a yak
  3706 | D:5      | Killed a yak
  3719 | D:5      | Killed a yak
  3728 | D:5      | Killed a yak
  3746 | D:5      | Killed a yak
  3747 | D:5      | Reached XP level 9. HP: 29/69 MP: 1/13
  3761 | D:5      | Reached skill level 6 in Fighting
  4154 | D:5      | Found a sacrificial altar of Ru.
  4688 | D:6      | Found a blossoming altar of Fedhas.
  4803 | D:6      | Found Teapaub's Antique Weapon Emporium.
  4839 | D:6      | Found an ancient bone altar of Kikubaaqudgha.
  5056 | D:6      | Found a staircase to the Ecumenical Temple.
  5389 | D:6      | Reached skill level 5 in Fire Magic
  5523 | D:6      | Reached XP level 10. HP: 47/77 MP: 4/15
  5789 | D:7      | Reached skill level 5 in Maces & Flails
  5802 | D:7      | Reached skill level 7 in Fighting
  5978 | D:7      | Found a shadowy altar of Dithmenos.
  6242 | D:7      | Noticed a gargoyle
  6465 | D:7      | Reached skill level 1 in Polearms
  6468 | D:7      | Reached skill level 1 in Shields
  6997 | D:7      | Reached skill level 5 in Armour
  7487 | D:9      | Noticed Erica
  7511 | D:9      | Noticed Pikel
  7537 | D:9      | Noticed Psyche
  7541 | D:9      | Killed Erica
  7552 | D:8      | Killed Pikel
  7553 | D:8      | Reached skill level 5 in Dodging
  7553 | D:8      | Reached XP level 11. HP: 86/86 MP: 4/17
  7669 | D:9      | Noticed a two-headed ogre
  7671 | D:9      | Killed a two-headed ogre
  7672 | D:9      | Reached skill level 8 in Fighting
  7874 | D:9      | Killed Psyche
  8412 | D:9      | Noticed Maurice
  8424 | D:9      | Killed Maurice
  8520 | D:9      | Found a staircase to the Lair.
  8641 | D:9      | Found a shimmering altar of Xom.
  8667 | D:9      | Noticed Amaemon
  8706 | Temple   | Entered the Ecumenical Temple
  8838 | Temple   | Fell from the grace of Ignis
  8838 | Temple   | Became a worshipper of Yredelemnul the Dark
  8970 | Lair:1   | Entered Level 1 of the Lair of Beasts
  9065 | Lair:1   | Reached * piety under Yredelemnul
  9066 | Lair:1   | Reached skill level 5 in Evocations
  9082 | Lair:1   | Reached ** piety under Yredelemnul
  9093 | Lair:1   | Reached skill level 5 in Spellcasting
  9421 | Lair:1   | Reached XP level 12. HP: 81/94 MP: 15/19
  9442 | Lair:1   | You fall into a shaft and drop 1 floor!
  9733 | Lair:1   | HP: 2/94 [fire elemental[the fiery vengeance of Ignis] (9)]
  9742 | Lair:1   | HP: 1/94 [fire elemental[the fiery vengeance of Ignis] (6)]
  9745 | Lair:1   | Mangled by a fire elemental

Illustrated notes

Levels and vault maps discovered:
D:1:      heliophobic_arrival_battle_scene, layout_basic
D:2:      layout_loops_ring
D:3:      layout_rooms, mainiacjoe_overflow_alcove_4,
          hellmonk_ecumenical_altar_leap_of_faith, uniq_natasha, uniq_pargi,
          uniq_sigmund
D:4:      layout_basic, nicolae_sif_muna_little_library,
          nicolae_uskayaw_dance_hall
D:5:      layout_basic, mainiacjoe_overflow_cross_hatched, elyvilon_altar_1,
          hex_intersection
D:6:      layout_basic, mainiacjoe_overflow_tiny_flanked,
          nicolae_kikubaaqudgha_miasma_corner, minmay_temple_entry_grid,
          serial_shops, nicolae_shop_temple_entry_statues_fountains,
          wad_floor_pattern_untrapped
D:7:      layout_loops_ring, nicolae_dithmenos_shadow_blocks,
          lightli_corner_chamber
D:8:      layout_rooms
D:9:      layout_long_grid, xom_butterflies, due_lair_maze_entry_diamond,
          uniq_amaemon, uniq_maurice, uniq_erica, uniq_psyche, uniq_pikel
Temple:   hellmonk_temple_beads
Lair:1:   layout_loops_ring, special_room [special_room_bee]
Lair:2:   layout_regular_city, minmay_snake_entry_six_corridors

Skill      XL: |  1  2  3  4  5  6  7  8  9 10 11 |
---------------+----------------------------------+-----
Armour         | 1 2 3 4 5 6 |  6.4
Stealth        | 1 2 |  2.2
Dodging        | 1 2 3 4 5 |  5.6
Fighting       | 4 5 6 7 8 |  8.8
Long Blades    | 4 |  4.4
Spellcasting   | 2 3 4 5 |  5.1
Maces & Flails | 1 3 4 5 |  5.0
Evocations     | 1 2 3 4 5 |  5.3
Fire Magic     | 4 5 6 |  6.7
Polearms       | 3 4 |  4.9
Shields        | 3 4 |  4.5

Action                   |  1- 3 |  4- 6 |  7- 9 | 10-12 || total
-------------------------+-------+-------+-------+-------++-------
Melee: Falchion          |   129 |    12 |       |       ||   141
       Punch             |     2 |       |     5 |       ||     7
       Mace              |       |    27 |   268 |    51 ||   346
       Spear             |       |       |       |   295 ||   295
Throw: Dart              |     5 |       |     1 |       ||     6
 Cast: Scorch            |       |       |    58 |    90 ||   148
Invok: Fiery Armour      |     2 |     1 |     3 |     3 ||     9
       Foxfire Swarm     |       |       |       |     3 ||     3
       Dark Bargain      |       |       |       |     1 ||     1
       Rising Flame      |       |       |       |     1 ||     1
Evoke: Wand              |       |       |     3 |    37 ||    40
  Use: Scroll            |     3 |       |     3 |    13 ||    19
       Potion            |       |     3 |     9 |    14 ||    26
 Stab: Sleeping          |       |       |     1 |       ||     1
Armor: Robe              |    18 |       |       |       ||    18
       Chain mail        |    39 |    44 |    44 |       ||   127
       Skin              |       |       |     8 |       ||     8
       Ring mail         |       |       |   149 |   185 ||   334
Dodge: Dodged            |    63 |    15 |   180 |   279 ||   537
Block: Buckler           |       |       |       |    96 ||    96
